 Dungeon Crawl Stone Soup version 0.17.0-25-gefc9c12 (webtiles) character file.

282 lucasterio the Poker (level 6, 0/84 HPs)
             Began as a Minotaur Berserker on Nov 17, 2015.
             Was a Priest of Trog.
             Slain by a scorpion (8 damage)
             ... on level 4 of the Dungeon on Nov 18, 2015.
             The game lasted 00:13:58 (2806 turns).

lucasterio the Poker (Minotaur Berserker)           Turns: 2806, Time: 00:13:59

Health: 0/84       AC:  2    Str: 28    XL:     6   Next: 6%
Magic:  5/5        EV: 11    Int:  4    God:    Trog [***...]
Gold:   146        SH:  3    Dex: 10    Spells: 0 memorised, 5 levels left

rFire  . . .     SeeInvis .     a - +0 spear
rCold  . . .     Clarity  .     b - +0 animal skin
rNeg   . . .     SustAt   .     t - +0 buckler
rPois  .         Gourm    .     (helmet restricted)
rElec  .         Spirit   .     (no cloak)
rCorr  .         Warding  .     (no gloves)
rMut   .         Stasis   .     (no boots)
MR     .....                    (no amulet)
Stlth  ..........               (no ring)
                                (no ring)

@: berserking (expiring), lethally poisoned (0 -> -12), very quick, not
resistant to hostile enchantments, extremely unstealthy
A: retaliatory headbutt, horns 2
a: Berserk, Trog's Hand, Burn Spellbooks, Renounce Religion


You were on level 4 of the Dungeon.
You worshipped Trog.
Trog was most pleased with you.
You were hungry.

You visited 1 branch of the dungeon, and saw 4 of its levels.

You collected 146 gold pieces.

Inventory:

Hand Weapons
 a - a +0 spear (weapon)
 k - a +0 halberd
 w - a +3 falchion
Missiles
 v - 38 arrows
Armour
 b - a +0 animal skin (worn)
 t - a +0 buckler (worn)
Wands
 r - a wand of enslavement (4)
Scrolls
 e - a scroll of random uselessness {unknown}
 f - 2 scrolls of remove curse {unknown}
 g - 4 scrolls of identify {unknown}
 i - a scroll of magic mapping {unknown}
 j - a scroll of noise {unknown}
 u - a scroll of fear {unknown}
 x - a scroll of amnesia {unknown}
Potions
 d - 2 potions of curing {unknown}
 m - 2 potions of degeneration {unknown}
 n - a potion of heal wounds {unknown}
 o - a potion of ambrosia {unknown}
 q - 2 potions of flight {unknown}
 s - a potion of invisibility {unknown}
Books
 l - a book of Callings

   Spells                             Type                      Level
   a - Summon Small Mammal            Summoning                    1
   b - Call Imp                       Summoning                    2
   c - Call Canine Familiar           Summoning                    3
   d - Summon Guardian Golem          Hexes/Summoning              3
   e - Summon Lightning Spire         Summoning/Air                4
   f - Summon Ice Beast               Ice/Summoning                4
   Trog disapproves of the use of such an item.
Comestibles
 c - 6 bread rations
 h - a meat ration
 p - 3 fruits
 z - 4 chunks of flesh


   Skills:
 + Level 5.4 Fighting
 + Level 5.5 Polearms
 + Level 5.0 Armour
 - Level 2.1 Dodging


You had 5 spell levels left.
You didn't know any spells.

Dungeon Overview and Level Annotations

Branches:
Dungeon (4/15)
 Temple: D:4-7

Altars:
Zin

Shops:
D:3 *


Innate Abilities, Weirdness & Mutations

You reflexively headbutt those who attack you in melee.
You have a pair of horns on your head.


Message History

The scorpion stings you!
* * * LOW HITPOINT WARNING * * *
You are poisoned.
The scorpion poisons you! The gnoll misses you.
You closely miss the gnoll.
You feel sick.
You puncture the gnoll!
You kill the gnoll!
Trog accepts your kill.
You feel sick. The gnoll barely misses you. The scorpion stings you.
* * * LOW HITPOINT WARNING * * *
You are lethally poisoned!
The scorpion poisons you!
You hit the gnoll. You headbutt the gnoll.
The gnoll is heavily wounded.
* * * LOW HITPOINT WARNING * * *
You feel sick.
You completely miss the gnoll. You headbutt the gnoll.
The gnoll is severely wounded.
You block the gnoll's attack. The scorpion stings you!
You die...

........... ...
.......... ....
.....>...##.... #.
.............
####...............
.......##..........
.......##s.g(.....[
.......##.@........
......##..........
.....$............ .
...#.............
..#######.............
................#.....
................#.....
#<.................##
#..................#


You could see a scorpion and a gnoll.

Vanquished Creatures
  An orc priest (D:3)
  Natasha (thrice) (D:2)
  12 gnolls
  2 adders
  2 oozes
  3 worms
  A giant gecko (D:4)
  4 orcs (D:3)
  5 giant cockroaches
  7 hobgoblins
  7 kobolds
  8 bats
  2 giant newts
  7 goblins
  6 jackals
  2 quokkas
  5 rats
77 creatures vanquished.

Notes
Turn   | Place    | Note
--------------------------------------------------------------
     0 | D:1      | lucasterio the Minotaur Berserker began the quest for the Orb.
     0 | D:1      | Reached XP level 1. HP: 19/19 MP: 0/0
   119 | D:1      | Reached XP level 2. HP: 4/27 MP: 1/1
   550 | D:1      | Reached ** piety under Trog
   550 | D:1      | Reached skill level 4 in Fighting
  1042 | D:2      | Reached XP level 3. HP: 13/33 MP: 2/2
  1051 | D:2      | Reached XP level 4. HP: 15/40 MP: 3/3
  1330 | D:2      | Noticed Natasha
  1342 | D:2      | Killed Natasha
  1490 | D:2      | Noticed Natasha
  1495 | D:2      | Killed Natasha
  1541 | D:2      | Noticed Natasha
  1543 | D:2      | Killed Natasha
  1725 | D:3      | Found Zin's Purification Station.
  1729 | D:3      | Found a glowing silver altar of Zin.
  1859 | D:3      | Reached skill level 5 in Polearms
  1859 | D:3      | Reached XP level 5. HP: 47/47 MP: 4/4
  2018 | D:3      | Reached skill level 5 in Fighting
  2026 | D:3      | Reached *** piety under Trog
  2635 | D:3      | Upgraded the game from 0.17.0-24-gcfadda4 to 0.17.0-25-gefc9c12
  2790 | D:4      | Reached skill level 5 in Armour
  2800 | D:4      | Reached XP level 6. HP: 49/56 MP: 5/5
  2806 | D:4      | Slain by a scorpion

Action                   |  1- 3 |  4- 6 || total
-------------------------+-------+-------++-------
Melee: Spear             |    72 |   159 ||   231
Invok: Berserk           |     2 |     4 ||     6
       Trog's Hand       |       |     1 ||     1
 Stab: Sleeping          |     2 |       ||     2
  Eat: Chunk             |     1 |    10 ||    11
